 Dungeon Crawl Stone Soup version 0.31.0-9-g3a7656b989 (webtiles) character file.

Game seed: 3566465466166860751

44 qw the Shooter (level 3, -6/20 HPs)
             Began as a Deep Elf Hunter on Feb 2, 2024.
             Incinerated by a bombardier beetle (7 damage)
             ... with a burning spray
             ... on level 3 of the Dungeon.
             The game lasted 00:00:04 (1102 turns).

qw the Shooter (Deep Elf Hunter)                    Turns: 1102, Time: 00:00:04

Health: -6/20      AC:  6    Str: 10    XL:     3   Next: 39%
Magic:  5/5        EV: 11    Int: 13    God:
Gold:   102        SH:  0    Dex: 18    Spells: 2/2 levels left

rFire   . . .        a - +0 shortbow
rCold   . . .        (shield currently unavailable)
rNeg    . . .        g - +0 ring mail
rPois   .            e - +0 helmet
rElec   .            (no cloak)
rCorr   .            (no gloves)
SInv    .            (no boots)
Will    .....        (no amulet)
Stlth   +            (no ring)
HPRegen 0.23/turn    (no ring)
MPRegen 0.09/turn

%: no passive effects
@: on fire, glowing
A: no striking features
a: no special abilities


You were on level 3 of the Dungeon.
You visited 1 branch of the dungeon, and saw 3 of its levels.

You collected 102 gold pieces.


   Skills:
 - Level 1.5 Fighting
 + Level 7.0 Ranged Weapons
 - Level 2.4 Dodging
 - Level 1.2 Stealth


You had 2 spell levels left.
You didn't know any spells.
Your spell library was empty.

Inventory:

Hand Weapons
 a - a +0 shortbow (weapon)
Armour
 e - a +0 helmet (worn)
 g - a +0 ring mail (worn)
Potions
 b - a potion of curing
 f - a potion of haste {unknown}
 h - a potion of degeneration {unknown}

Dungeon Overview and Level Annotations

Branches:
Dungeon (3/15)

Altars:


Message History

The arrow closely misses the bombardier beetle.
You shoot an arrow.
The arrow closely misses the bombardier beetle.
You shoot an arrow.
The arrow hits the bombardier beetle but does no damage.
The bombardier beetle is lightly wounded.
The bombardier beetle closely misses you.
You shoot an arrow.
The arrow barely misses the bombardier beetle.
The bombardier beetle barely misses you.
You shoot an arrow. The arrow hits the bombardier beetle!
The bombardier beetle is heavily wounded.
The bombardier beetle bites you but does no damage.
You shoot an arrow. The arrow hits the bombardier beetle.
The bombardier beetle is severely wounded.
You shoot an arrow.
The arrow closely misses the bombardier beetle.
The bombardier beetle closely misses you.
You shoot an arrow. The arrow hits the bombardier beetle.
The bombardier beetle is almost dead.
The bombardier beetle sprays incendiary fluid at you.
The burning spray hits you.
You are covered in liquid fire!
You shoot an arrow.
The arrow barely misses the bombardier beetle.
The liquid fire burns you!
The bombardier beetle barely misses you.
You shoot an arrow.
The arrow hits the bombardier beetle but does no damage.
The bombardier beetle is almost dead.
The liquid fire burns you!
You shoot an arrow.
The arrow barely misses the bombardier beetle.
The liquid fire burns you!
The bombardier beetle sprays incendiary fluid at you.
The burning spray misses you.
You shoot an arrow.
The arrow barely misses the bombardier beetle.
The liquid fire burns you!
You die...

##+##
##...##
##.....##
##.......##
#.........#
+.........+
#....@B...#
##.......##
##.....##
##...##
##+##


You could see a bombardier beetle.

Vanquished Creatures
  An adder (D:2)
  A dart slug (D:2)
  5 ball pythons
  4 endoplasms
  2 giant cockroaches (D:2)
  3 goblins (D:1)
  3 hobgoblins
  3 kobolds
  3 bats
  A frilled lizard (D:1)
  6 rats
32 creatures vanquished.

Notes
Turn   | Place    | Note
-------+----------+-------------------------------------------
     0 | D:1      | qw the Deep Elf Hunter began the quest for the Orb.
     0 | D:1      | Reached XP level 1. HP: 12/12 MP: 3/3
     0 | D:1      | 0 ||| qw: Version: 0.3-a-155-g5e7d8dd
     0 | D:1      | 0 ||| qw: Game counter: 2585
     0 | D:1      | 0 ||| qw: Melee chars always use a shield: true
     0 | D:1      | 0 ||| qw: God list: Okawaru
     0 | D:1      | 0 ||| qw: Allow faded altars: false
     0 | D:1      | 0 ||| qw: Do Orc after clearing Dungeon:15 true
     0 | D:1      | 0 ||| qw: Do second Lair branch before Depths: true
     0 | D:1      | 0 ||| qw: Lair rune preference: random
     0 | D:1      | 0 ||| qw: Goals: Normal
     0 | D:1      | 0 ||| PLANNING D:1-11
    84 | D:1      | Reached XP level 2. HP: 16/16 MP: 4/4
    91 | D:1      | Reached skill level 6 in Ranged Weapons
   418 | D:1      | 418 ||| UPGRADING to +0 helmet.
   423 | D:1      | 423 ||| UPGRADING to +0 ring mail.
   433 | D:1      | 433 ||| DROPPING +0 leather armour.
   434 | D:1      | 434 ||| READING scroll labelled MUICAL WEUM.
   437 | D:1      | 437 ||| READING scroll labelled QEKLYJ JITIGOK.
   538 | D:1      | 538 ||| DROPPING scroll of butterflies.
   599 | D:2      | Reached XP level 3. HP: 14/20 MP: 5/5
   936 | D:2      | Reached skill level 7 in Ranged Weapons
  1078 | D:2      | 1078 ||| READING 2 scrolls labelled BAGUUWK LAEMN.
  1078 | D:2      | 1078 ||| IDENTIFYING sapphire potion
  1079 | D:2      | 1079 ||| READING scroll of identify.
  1079 | D:2      | 1079 ||| IDENTIFYING brown potion
  1080 | D:2      | 1080 ||| DROPPING potion of brilliance.
  1101 | D:3      | HP: 1/20 [burnt (8)]
  1102 | D:3      | Incinerated by a bombardier beetle

Levels and vault maps discovered:
D:1:      nicolae_arrival_washed_ashore, layout_rooms
D:2:      layout_basic
D:3:      layout_loops_corners, shapermc_ecumenical_altar_mp_ritualfount

Skill      XL: |  1  2  3 |
---------------+----------+-----
Ranged Weapons | 6 7 |  7.0
Fighting       | |  1.5
Dodging        | |  2.4
Stealth        | |  1.2

Action                     || total
---------------------------++-------
   Fire: Shortbow          ||    93
    Use: Scroll            ||     4
 Armour: Ring mail         ||     8
         Leather armour    ||     2
  Dodge: Dodged            ||    16

Table legend:
 A = Non-vault XP
 B = Vault XP
 C = Vault XP percentage of total XP
 D = Non-vault monster count
 E = Vault monster count
 F = Vault count percentage of total count
                 A         B        C        D         E       F
            +---------+---------+-------+---------+---------+-------
      Total |      63 |       0 |   0.0 |      32 |       0 |   0.0
            +---------+---------+-------+---------+---------+-------
        D:1 |      24 |       0 |   0.0 |      16 |       0 |   0.0
        D:2 |      39 |       0 |   0.0 |      16 |       0 |   0.0
            +---------+---------+-------+---------+---------+-------
